 Dungeon Crawl Stone Soup version 0.24.1-5-g77f818bfca (webtiles) character file.

Game seed: 7266656860273256957, levelgen mode: deterministic

91 raph the Poker (level 4, -4/39 HPs)
             Began as a Minotaur Berserker on Apr 22, 2020.
             Was a Believer of Trog.
             Slain by Crazy Yiuf
             ... wielding a +3 quarterstaff of chaos
              (6 damage)
             ... on level 2 of the Dungeon.
             The game lasted 00:02:52 (2586 turns).

raph the Poker (Minotaur Berserker)                 Turns: 2586, Time: 00:02:53

Health: -4/39      AC:  3    Str: 22    XL:     4   Next: 34%
Magic:  3/3        EV: 12    Int:  4    God:    Trog [**....]
Gold:   77         SH:  0    Dex: 10    Spells: 3/3 levels left

rFire    . . .     SeeInvis .   a - +0 spear
rCold    . . .     Gourm    .   (no shield)
rNeg     . . .     Faith    .   j - +0 leather armour
rPois    .         Spirit   .   (helmet restricted)
rElec    .         Reflect  .   (no cloak)
rCorr    .         Harm     .   (no gloves)
MR       .....                  (no boots)
Stlth    +.........             (no amulet)
HPRegen  0.13/turn              (no ring)
MPRegen  0.08/turn              (no ring)

@: no status effects
A: retaliatory headbutt, horns 2
a: Berserk, Trog's Hand, Renounce Religion


You were on level 2 of the Dungeon.
You worshipped Trog.
Trog was pleased with you.
You were not hungry.

You visited 1 branch of the dungeon, and saw 2 of its levels.

You collected 77 gold pieces.

Inventory:

Hand Weapons
 a - a +0 spear (weapon)
Missiles
 g - 4 javelins (quivered)
Armour
 b - a +0 animal skin
 j - a +0 leather armour (worn)
Jewellery
 k - an uncursed ring of ice
Scrolls
 d - 3 scrolls of enchant armour {unknown}
 h - 8 scrolls of identify {unknown}
 i - 2 scrolls of remove curse {unknown}
 l - a scroll of noise {unknown}
 m - a scroll of enchant weapon {unknown}
Potions
 e - a potion of degeneration {unknown}
 f - 2 potions of curing {unknown}
 n - a potion of lignification {unknown}
Comestibles
 c - 4 rations


   Skills:
 - Level 3.6 Fighting
 + Level 6.3 Polearms
 - Level 2.4 Armour
 - Level 2.1 Dodging


You had 3 spell levels left.
You didn't know any spells.
Your spell library was empty.

Dungeon Overview and Level Annotations

Branches:
Dungeon (2/15)

Altars:
Vehumet

Annotations:
D:2 Crazy Yiuf


Innate Abilities, Weirdness & Mutations

You reflexively headbutt those who attack you in melee.
You have a pair of horns on your head.


Message History

o - a chunk of flesh You see here a frilled lizard skeleton.
Found a robe.
Eating a chunk of flesh.
You eat the chunk of flesh.
This raw flesh tastes terrible.
Crazy Yiuf shouts!
You open the door. You hit Crazy Yiuf but do no damage.
Your headbutt misses Crazy Yiuf. You hit Crazy Yiuf but do no damage.
Crazy Yiuf hits you with a +3 quarterstaff of chaos!
Crazy Yiuf burns you!
You hit Crazy Yiuf. You headbutt Crazy Yiuf.
Crazy Yiuf is heavily wounded.
Crazy Yiuf barely misses you.
You hit Crazy Yiuf but do no damage. You headbutt Crazy Yiuf.
Crazy Yiuf is severely wounded.
Crazy Yiuf hits you with a +3 quarterstaff of chaos!
* * * LOW HITPOINT WARNING * * *
Crazy Yiuf burns you.
You die...

.####.#.# #.....>........######.#
....#.#.###......................
###÷#.#....†...........##.#####..
#)#.###################.###.#.#
#)#...<# #.....#.# #)####.#
♣♣♣♣♣###.##.#.# #)####^# ###
♣♣♣.♣....#.##.#.# #......#
#...#♣..♣.P.....##.#.# #......#
#...g@♣♣♣♣.P.....#.#.# ####.....#
#)..#♣♣ ♣♣P...#.#.#.# .........#
### ♣♣##.....#.# .#######.#
###..##.# .# #.# #....##.#
.#######.######## ##########.##.#
.......#)#.#.##'###....# #.....
######.#.#.#......#....# ###'##.#
.......(.#.#......###'## #......#


You could see Crazy Yiuf.

Vanquished Creatures
  Natasha (D:2)
  Robin (D:2)
  An adder (D:2)
  2 worms (D:2)
  2 dart slugs (D:1)
  2 leopard geckos
  3 bats (D:1)
  10 hobgoblins
  A quokka (D:2)
  2 frilled lizards (D:2)
  4 goblins (D:2)
  3 kobolds
  3 rats
35 creatures vanquished.

Notes
Turn   | Place    | Note
-------+----------+-------------------------------------------
     0 | D:1      | raph the Minotaur Berserker began the quest for the Orb.
     0 | D:1      | Reached XP level 1. HP: 19/19 MP: 0/0
   190 | D:1      | Reached skill level 4 in Polearms
   424 | D:1      | Reached XP level 2. HP: 25/26 MP: 1/1
  1354 | D:2      | Reached skill level 5 in Polearms
  1408 | D:2      | Reached XP level 3. HP: 31/31 MP: 2/2
  1472 | D:2      | Found a radiant altar of Vehumet.
  1515 | D:2      | Noticed Robin
  1528 | D:2      | Killed Robin
  1694 | D:2      | Reached ** piety under Trog
  2297 | D:2      | Found a runed translucent door.
  2298 | D:2      | Noticed Crazy Yiuf
  2379 | D:2      | Noticed Natasha
  2385 | D:2      | Killed Natasha
  2385 | D:2      | Reached skill level 6 in Polearms
  2385 | D:2      | Reached XP level 4. HP: 36/39 MP: 3/3
  2586 | D:2      | Slain by Crazy Yiuf

Levels and vault maps discovered:
D:1:      minmay_arrival_up_and_down, layout_loops_corners,
          minmay_misc_feat_chi, serial_bayou_lagoon_a
D:2:      layout_basic, lemuel_doored_altar, uniq_natasha,
          uniq_crazy_yiuf_cottage, uniq_robin

Skill      XL: |  1  2  3 |
---------------+----------+-----
Polearms       | 4 5 6 |  6.3
Fighting       | |  3.6
Armour         | |  2.4
Dodging        | |  2.1

Action                   |  1- 3 |  4- 6 || total
-------------------------+-------+-------++-------
Melee: Spear             |    82 |     6 ||    88
       Headbutt          |    10 |     2 ||    12
Invok: Berserk           |     1 |       ||     1
 Stab: Sleeping          |     2 |       ||     2
  Eat: Chunk             |     1 |     2 ||     3
       Ration            |     1 |       ||     1
Armor: Animal skin       |     1 |       ||     1
       Leather armour    |     4 |       ||     4
Dodge: Dodged            |    27 |     1 ||    28
